 Dungeon Crawl Stone Soup version 0.22.1-6-g1668fe2c40 (webtiles) character file.

284 Kohma the Vexing (level 6, -11/28 HPs)
             Began as a Spriggan Enchanter on Jan 21, 2019.
             Was an Initiate of Wu Jian.
             Killed by divine providence
             ... invoked by an orc priest
              (17 damage)
             ... on level 4 of the Dungeon.
             The game lasted 00:11:22 (3578 turns).

Kohma the Vexing (Spriggan Enchanter)               Turns: 3578, Time: 00:11:23

Health: -11/28     AC:  4    Str:  4    XL:     6   Next: 7%
Magic:  4/14       EV: 18    Int: 21    God:    Wu Jian [......]
Gold:   121        SH:  0    Dex: 18    Spells: 6/14 levels left

rFire    . . .     SeeInvis +   m - +1 dagger (venom)
rCold    . . .     Gourm    .   (shield restricted)
rNeg     . . .     Faith    .   b - +0 robe
rPois    .         Spirit   .   (helmet restricted)
rElec    .         Reflect  .   w - +1 cloak of Jiutosm {Int+4}
rCorr    .         Harm     .   (gloves unavailable)
MR       +....                  (boots unavailable)
Stlth    +++.......             (no amulet)
HPRegen  0.09/turn              (no ring)
MPRegen  0.14/turn              (no ring)

@: very slightly contaminated, very quick
A: very small, unfitting armour, see invisible, herbivore, speed 3, slow
metabolism 2
a: Renounce Religion


You were on level 4 of the Dungeon.
You worshipped Wu Jian.
Wu Jian was noncommittal.
You were not hungry.

You visited 2 branches of the dungeon, and saw 5 of its levels.

You collected 121 gold pieces.

Inventory:

Hand Weapons
 a - a +1 dagger
 h - a +2 hunting sling of freezing
 m - a +1 dagger of venom (weapon)
Missiles
 l - 33 stones (quivered)
Armour
 b - a +0 robe (worn)
 g - a +0 cloak
 w - the +1 cloak of Jiutosm (worn) {Int+4}
   (You found it on level 4 of the Dungeon)

   It affects your intelligence (+4).
Jewellery
 n - a +3 amulet of reflection {unknown}
 o - an uncursed ring of see invisible {unknown}
 q - an uncursed amulet of regeneration {unknown}
 r - an uncursed ring of see invisible {unknown}
Wands
 s - a wand of random effects (32)
 u - a wand of disintegration (17)
Scrolls
 e - a scroll of enchant armour {unknown}
 f - 2 scrolls of noise {unknown}
 i - 2 scrolls of identify {unknown}
 j - 2 scrolls of fog {unknown}
 p - a scroll of teleportation {unknown}
 y - a scroll of immolation {unknown}
Potions
 c - 2 potions of haste {unknown}
 k - a potion of heal wounds {unknown}
 t - a potion of mutation {unknown}
 v - a potion of flight {unknown}
 x - a potion of curing {unknown}
Comestibles
 d - 12 rations


   Skills:
 + Level 2.9 Short Blades
 - Level 3.0 Dodging
 - Level 5.0 Stealth
 * Level 4.8 Spellcasting
 * Level 5.5 Hexes
 + Level 1.8 Translocations
 + Level 1.0 Ice Magic


You had 6 spell levels left.
You knew the following spells:

 Your Spells              Type           Power        Failure   Level  Hunger
a - Corona                Hex            ####...      1%          1    None
b - Ensorcelled Hibernat  Hex/Ice        ###...       4%          2    None
c - Confuse               Hex            ####....     3%          3    ##.....
d - Blink                 Tloc           N/A          8%          2    None

Your spell library contained the following spells:

 Spells                   Type           Power        Failure   Level  Hunger
 Slow                     Hex            ####....     1%          2    None
 Tukima's Dance           Hex            ####....     3%          3    ##.....
 Magic Dart               Conj           #...         11%         1    None
 Dazzling Spray           Conj/Hex       ###...       11%         3    ##.....
 Call Imp                 Summ           #.......     17%         2    None
 Conjure Flame            Conj/Fire      #.......     32%         3    ##.....
 Mephitic Cloud           Conj/Pois/Air  #.......     32%         3    ##.....


Dungeon Overview and Level Annotations

Branches:
Dungeon (4/15)             Temple (1/1) D:4

Altars:
Fedhas
Makhleb
Nemelex Xobeh
Okawaru
Qazlal
Ru
Sif Muna
Trog
Uskayaw
Vehumet
Wu Jian
Xom
Yredelemnul
The Shining One


Innate Abilities, Weirdness & Mutations

You are very small and have problems with some larger weapons.
You are too small for most types of armour.
You have supernaturally acute eyesight. (SInv)
You are a herbivore.
You cover ground extremely quickly.
You need to consume almost no food.


Message History

The orc priest resists with some effort.
The orc priest completely misses you.
Casting: Ensorcelled Hibernation (safe; 4% risk of failure)
Confirm with . or Enter, or press ? or * to list all spells.
Aiming: Ensorcelled Hibernation (safe; 4% risk of failure)
Press: ? - help, Shift-Dir - straight line, f/p - orc priest
Aim: an orc priest, wielding a mace and wearing a ring mail (heavily wounded, The orc priest resists with some effort.
Casting: Ensorcelled Hibernation (safe; 4% risk of failure)
Confirm with . or Enter, or press ? or * to list all spells.
Aiming: Ensorcelled Hibernation (safe; 4% risk of failure)
Press: ? - help, Shift-Dir - straight line, f/p - orc priest
Aim: an orc priest, wielding a mace and wearing a ring mail (heavily wounded, You miscast Ensorcelled Hibernation.
You are very lightly contaminated with residual magic.
You feel a strange surge of energy!
The orc priest calls down the wrath of Beogh upon you.
Beogh smites you!
Ouch! That really hurt!
You die...

###...(## ... #....'' .
#....# #....#
####+###....#
#...........######
#...........##...#
###.o).....รท.#.8.#.#
#...@####..........#
#....# #....8.>.8.#
+....# #..........#
#....# #....#.8.#.#
#....# #..........#
#....# #..........#
#....# #..........#
.###....###############
...........#


You could see an orc priest.

Vanquished Creatures
  An ogre (D:4)
  A hound (D:4)
  An orc wizard (D:4)
  2 worker ants
  2 adders (D:4)
  2 oozes
  3 dart slugs (D:1)
  3 leopard geckos
  6 orcs
  4 giant cockroaches
  5 goblins
  7 hobgoblins
  3 jackals (D:3)
  7 kobolds
  A quokka (D:2)
  4 bats
  6 frilled lizards
  6 rats
64 creatures vanquished.

Notes
Turn   | Place    | Note
-------+----------+-------------------------------------------
     0 | D:1      | Kohma the Spriggan Enchanter began the quest for the Orb.
     0 | D:1      | Reached XP level 1. HP: 9/9 MP: 5/5
   220 | D:1      | Reached XP level 2. HP: 13/13 MP: 7/7
   224 | D:1      | Learned a level 2 spell: Ensorcelled Hibernation
   926 | D:1      | Reached XP level 3. HP: 11/16 MP: 5/8
  1546 | D:2      | Reached skill level 5 in Stealth
  2379 | D:3      | Reached XP level 4. HP: 19/21 MP: 10/10
  2887 | D:3      | Learned a level 3 spell: Confuse
  2890 | D:3      | Learned a level 2 spell: Blink
  3106 | D:4      | Got a scorched cloak
  3117 | D:4      | Identified the +1 cloak of Jiutosm {Int+4} (You found it on
                  | level 4 of the Dungeon)
  3132 | D:4      | Found a staircase to the Ecumenical Temple.
  3145 | D:4      | Reached skill level 5 in Hexes
  3145 | D:4      | Reached XP level 5. HP: 24/24 MP: 9/12
  3154 | D:4      | Reached skill level 1 in Translocations
  3259 | Temple   | Entered the Ecumenical Temple
  3339 | Temple   | Became a worshipper of the Wu Jian Council
  3365 | D:4      | Noticed an ogre
  3369 | D:4      | Killed an ogre
  3570 | D:4      | Reached skill level 1 in Ice Magic
  3573 | D:4      | Reached XP level 6. HP: 22/28 MP: 11/14
  3578 | D:4      | Killed from afar by an orc priest

Skill      XL: |  1  2  3  4  5 |
---------------+----------------+-----
Spellcasting   | 3 4 |  4.8
Hexes          | 4 5 |  5.5
Stealth        | 5 |  5.0
Short Blades   | 2 |  2.9
Translocations | 1 |  1.8
Ice Magic      | 1 |  1.0
Dodging        | |  3.0

Action                   |  1- 3 |  4- 6 || total
-------------------------+-------+-------++-------
Melee: Dagger            |   171 |    66 ||   237
Throw: Stone             |       |     1 ||     1
 Cast: Ensorcelled Hiber |    13 |    12 ||    25
Evoke: Wand              |       |     1 ||     1
 Stab: Sleeping          |    16 |     6 ||    22
  Eat: Ration            |       |     1 ||     1
Armor: Robe              |    32 |     6 ||    38
Dodge: Dodged            |   147 |    48 ||   195
